 Seeded DCSS version 0.32-a0-918-g0f22ef8d61 (webtiles) character file.

Game seed: 20240411 (custom seed)

109 Orlauf the Slasher (level 4, -4/35 HPs)
             Began as a Demonspawn Gladiator on Apr 11, 2024.
             Slain by a gnoll
             ... wielding a +0 halberd
              (10 damage)
             ... on level 3 of the Dungeon.
             The game lasted 00:02:27 (1784 turns).

Orlauf the Slasher (Demonspawn Gladiator)           Turns: 1784, Time: 00:02:28

Health: -4/35      AC:  6    Str: 16    XL:     4   Next: 60%
Magic:  3/3        EV:  9    Int: 15    God:
Gold:   100        SH:  0    Dex: 14    Spells: 3/3 levels left

rFire   . . .        a - +0 long sword
rCold   . . .        (no shield)
rNeg    . . .        h - +0 scale mail
rPois   .            (helmet restricted)
rElec   .            j - +0 cloak
rCorr   .            (no gloves)
SInv    .            (no boots)
Will    .....        (no amulet) Stlth
                     c - +6 ring of intelligence
HPRegen 0.25/turn    (no ring)
MPRegen 0.08/turn

%: no passive effects
@: on berserk cooldown, slowed, very slow
A: antennae 1, slimy green scales 1, foul stench 1, deformed body, low MP 1,
sense surroundings 1
a: no special abilities


You were on level 3 of the Dungeon.
You visited 1 branch of the dungeon, and saw 3 of its levels.

You collected 100 gold pieces.

Inventory:

Hand Weapons
 a - a +0 long sword (weapon)
Missiles
 d - 3 throwing nets
Armour
 h - a +0 scale mail (worn)
 j - a +0 cloak (worn)
Jewellery
 c - a +6 ring of intelligence (left hand)
Scrolls
 f - a scroll of identify
Potions
 i - a potion of curing
 k - a potion of brilliance
 m - a potion of resistance


   Skills:
 + Level 3.2 Fighting
 * Level 4.3 Long Blades
 - Level 1.7 Throwing
 - Level 2.6 Dodging


You had 3 spell levels left.
You didn't know any spells.
Your spell library contained the following spells:

 Spells                   Type           Power      Damage    Failure   Level
 Sigil of Binding         Hex            0%         N/A       97%         3
 Death Channel            Necr           0%         N/A       100%        6
 Sculpt Simulacrum        Ice/Alch       0%         N/A       100%        6


Dungeon Overview and Level Annotations

Branches:
Dungeon (3/15)

Altars:
Qazlal
Vehumet
Xom

Annotations:
D:3 Robin


Innate Abilities, Weirdness & Mutations

You have a pair of small antennae on your head.
You are partially covered in slimy green scales. (AC +2)
You may rarely emit foul miasma when damaged in melee.
Armour fits poorly on your strangely shaped body.
Your magical capacity is low. (-10% MP)
You passively map a small area around you.


Message History

The gnoll misses you.
Robin of the Strong Arm comes into view.
They are wielding a +0 mace.
The gnoll closely misses you.
You closely miss the gnoll.
The gnoll is heavily wounded.
Robin shouts!
Robin roars a battlecry!
A goblin comes into view. It is wielding a +0 club.
The gnoll barely misses you.
A goblin comes into view. It is wielding a +0 club.
Robin throws the goblin at you! The gnoll hits you with a +0 halberd.
* * * LOW HITPOINT WARNING * * *
The goblin hits you with a dagger.
* * * LOW HITPOINT WARNING * * *
The goblin shouts!
You hear a shout! x2
You barely miss the gnoll.
The gnoll is heavily wounded.
The gnoll hits you with a +0 halberd.
* * * LOW HITPOINT WARNING * * *
The goblin closely misses you. The goblin hits you with a +0 dagger.
* * * LOW HITPOINT WARNING * * *
The gnoll hits you but does no damage.
A goblin comes into view. It is wielding a +0 dagger.
A goblin comes into view. It is wielding a +0 club.
You feel much better.
The goblin shouts!
You hear a shout! x2
Robin points. "Kill!"
The goblin barely misses you. The gnoll completely misses you.
A goblin comes into view. It is wielding a +2 dagger of venom.
It was a potion of mutation.
You feel extremely strange.
You feel less energetic.
Your body twists and deforms.
You feel a strange attunement to the structure of the dungeons.
Robin throws the goblin at you! The gnoll hits you with a +0 halberd!
The goblin hits you but does no damage. The goblin hits you with a +0 dagger.
* * * LOW HITPOINT WARNING * * *
A hobgoblin comes into view.
The goblin hits you but does no damage.
A goblin comes into view. It is wielding a +0 dagger.
The gnoll hits you with a +0 halberd!
You die...

##..........#########...
,
#.....#..##.............
,, ,
#.....##..#.......<....g,
,
#.....##..##...!.....ggg
#......#..##.........g..
,
#......##..##...........
#.......##..#......g#...
#...<._.##..#...)....(..
>,
#.......##..#..)@g......
,, ,
#......##..##..ggg......
#......##..#............
##....##..##..######....
, ##...##..#...## #... ,
###.##..#.#..# #..
##..##..#.##.## ###.. ,
#..##..##..#..####.. #
#..##..#...........##.# *


You could see Robin, a gnoll, a hobgoblin (wandering, strong) and 7 goblins.

Vanquished Creatures
  A bombardier beetle (D:3)
  2 gnolls (D:3)
  An adder (D:3)
  A ribbon worm (D:2)
  4 endoplasms
  2 giant cockroaches
  8 goblins
  5 hobgoblins
  2 jackals (D:2)
  2 kobolds
  2 quokkas
  3 ball pythons
  4 bats
  3 frilled lizards
  3 rats (D:1)
43 creatures vanquished.

Notes
Turn   | Place    | Note
-------+----------+-------------------------------------------
     0 | D:1      | Orlauf the Demonspawn Gladiator began the quest for the
                  | Orb.
     0 | D:1      | Reached XP level 1. HP: 16/16 MP: 1/1
    32 | D:1      | You fall into a shaft and drop 1 floor!
   122 | D:1      | Found a faded altar of an unknown god.
   138 | D:1      | Reached skill level 3 in Long Blades
   179 | D:1      | Gained mutation: You have a pair of small antennae on your
                  | head. [demonic ancestry]
   179 | D:1      | Reached XP level 2. HP: 19/22 MP: 2/2
  1083 | D:2      | Gained mutation: You are partially covered in slimy green
                  | scales. (AC +2) [demonic ancestry]
  1083 | D:2      | Reached XP level 3. HP: 28/28 MP: 3/3
  1296 | D:2      | Found a radiant altar of Vehumet.
  1633 | D:3      | Found a stormy altar of Qazlal.
  1677 | D:3      | Found a shimmering altar of Xom.
  1694 | D:3      | Reached skill level 4 in Long Blades
  1694 | D:3      | Gained mutation: You may rarely emit foul miasma when
                  | damaged in melee. [demonic ancestry]
  1694 | D:3      | Reached XP level 4. HP: 35/35 MP: 4/4
  1780 | D:3      | Noticed Robin
  1784 | D:3      | Gained mutation: Your magical capacity is low. (-10% MP)
                  | [potion of mutation]
  1784 | D:3      | Gained mutation: Armour fits poorly on your strangely
                  | shaped body. [potion of mutation]
  1784 | D:3      | Gained mutation: You passively map a small area around you.
                  | [potion of mutation]
  1784 | D:3      | Slain by a gnoll

Illustrated notes

Levels and vault maps discovered:
D:1:      onia_arrival_mini_maze_b, layout_basic, ebering_ecumenical_altar_mist,
          minmay_pentomino_r4
D:2:      layout_basic, basic_altar
D:3:      layout_rooms, mainiacjoe_overflow_catch_the_wave, serial_shops, shop,
          kennysheep_pointless_box, uniq_robin

Skill      XL: |  1  2  3 |
---------------+----------+-----
Long Blades    | 3 4 |  4.3
Fighting       | 3 |  3.2
Throwing       | |  1.7
Dodging        | |  2.6

Action                     |  1- 3 |  4- 6 || total
---------------------------+-------+-------++-------
  Melee: Long sword        |   110 |    14 ||   124
  Throw: Javelin           |       |     1 ||     1
    Use: Scroll            |    10 |       ||    10
         Potion            |       |     3 ||     3
 Armour: Leather armour    |    56 |       ||    56
         Scale mail        |     7 |    23 ||    30
  Dodge: Dodged            |    87 |    12 ||    99

Table legend: (Time is in decaauts)
 A = Elapsed time spent in this place.
 B = Non-inter-level travel time spent in this place.
 C = Inter-level travel time spent in this place.
 D = Time resting spent in this place.
 E = Time spent auto-exploring this place.
 F = Levels seen in this place.
 G = Mean time per level.
                   A        B        C        D        E       F      G
               +--------+--------+--------+--------+--------+-----+--------+
         Total |   1810 |   1728 |     82 |     41 |   1326 |   3 |  603.3 |
       Dungeon |   1810 |   1728 |     82 |     41 |   1326 |   3 |  603.3 |
               +--------+--------+--------+--------+--------+-----+--------+

Top non-repeatable levels by time:
     D:1: 1011 daAuts
     D:2: 645 daAuts
     D:3: 154 daAuts
